Map: Lightshade LE

Players

SortOf

  • Race: Zerg Zerg
  • Spawn Location: 5:00

Lambo - Winner!

  • Race: Zerg Zerg
  • League: Grandmaster
  • Spawn Location: 11:00

VOD

https://www.youtube.com/watch?v=wtEdllRaI4s

Description

Time

  • Played on: May 1, 2021, 2:49 p.m.
  • Length: 7:03
Show
View Real Time Build Order
Export as new Build Order

SortOf Zerg 

Build Orders: Pool First 

Get SALT Encoding   

  12  0:17  Spawning Pool  
  11  0:21  Drone  
  11  0:26  Drone  
  13  0:32  Drone  
  14  0:40  Overlord  
  14  1:04  Zergling x6  
  17  1:15  Zergling x2  
  18  1:19  Hatchery  
  17  1:26  Zergling x2  
  17  1:32  Queen  
  18  1:37  Drone  
  21  1:47  Overlord  
  21  2:00  Drone  
  22  2:09  Queen  
  22  2:11  Drone  
  24  2:20  Drone  
  25  2:30  Queen, Extractor  
  25  2:31  Drone  
  25  2:32  Drone  
  28  2:41  Drone x3  
  31  2:45  Overlord  
  31  2:50  Drone  
  31  2:56  Drone x2  
  33  3:04  Overlord  
  33  3:07  Drone  
  34  3:15  Drone x3  
  34  3:18  Drone x2  
  39  3:22  Overlord  
  39  3:27  Drone x2  
  39  3:33  Metabolic Boost  
  41  3:39  Zergling x2  
  42  3:44  Drone x3  
  42  3:45  Drone  
  46  3:54  Zergling x2  
  47  4:00  Baneling Nest, Hatchery  
  45  4:05  Overlord  
  45  4:07  Drone  
  45  4:08  Evolution Chamber  
  45  4:09  Drone  
  46  4:13  Drone x2  
  46  4:14  Drone  
  49  4:19  Zergling x2  
  49  4:20  Drone x3  
  49  4:23  Extractor  
  52  4:31  Overlord  
  52  4:32  Zergling x8  
  52  4:35  Zerg Missile Weapons Level 1  
  56  4:40  Extractor  
  56  4:41  Drone  
  56  4:42  Drone  
  57  4:48  Drone  
  57  4:49  Drone x2, Roach Warren  
  59  4:54  Zergling x6  
  59  4:55  Baneling  
  59  4:56  Baneling  
  62  5:00  Overlord  
  62  5:03  Zergling x2  
  62  5:07  Baneling  
  62  5:09  Drone  
  62  5:11  Drone  
  64  5:14  Drone x2  
  64  5:16  Zergling x2  
  64  5:19  Drone  
  68  5:23  Drone  
  68  5:27  Drone x2  
  71  5:33  Drone x2  
  73  5:37  Queen  
  72  5:49  Drone  
  72  5:50  Drone x2, Overlord  
  72  5:51  Drone x4  
  78  5:58  Roach x2  
  78  6:01  Roach x3  
  78  6:03  Spine Crawler  
  87  6:05  Spine Crawler  
  87  6:06  Overlord, Roach x2  
  87  6:07  Overlord  
  87  6:09  Spine Crawler  
  87  6:11  Roach  
  91  6:13  Roach  
  91  6:15  Roach  
  91  6:17  Roach  
  97  6:20  Overlord  
  97  6:23  Overlord  
  97  6:24  Roach  
  97  6:25  Roach  
  98  6:26  Baneling x2  
  98  6:27  Roach  
  98  6:30  Roach x2  
  102  6:36  Roach  
  102  6:37  Roach x2  
  102  6:39  Roach  
Show
View Real Time Build Order
Export as new Build Order

Lambo Zerg - Winner!

Build Orders: Hatch First 

Get SALT Encoding   

  12  0:00  Drone  
  13  0:12  Overlord  
  13  0:16  Drone  
  14  0:30  Drone x2  
  16  0:47  Hatchery  
  15  0:51  Drone  
  15  0:54  Drone  
  17  0:57  Drone  
  18  1:09  Extractor  
  17  1:12  Spawning Pool  
  17  1:16  Drone  
  17  1:19  Drone  
  18  1:28  Drone  
  19  1:59  Zergling x6  
  19  2:00  Queen, Zergling x2  
  19  2:01  Queen  
  27  2:13  Zergling x2  
  28  2:26  Overlord  
  28  2:43  Overlord  
  28  2:44  Drone x5  
  33  2:55  Overlord  
  33  2:58  Drone  
  34  3:06  Drone  
  34  3:09  Drone x5  
  34  3:11  Drone  
  40  3:17  Drone  
  40  3:18  Drone  
  42  3:20  Metabolic Boost  
  42  3:33  Hatchery  
  41  3:35  Overlord  
  41  3:39  Drone  
  42  3:42  Queen  
  42  3:44  Drone  
  42  3:46  Drone  
  46  3:49  Overlord  
  46  3:51  Drone  
  46  3:53  Drone  
  46  3:54  Drone  
  49  4:00  Drone, Evolution Chamber  
  50  4:02  Drone  
  50  4:03  Drone  
  50  4:07  Extractor  
  50  4:09  Extractor  
  49  4:12  Drone x2, Roach Warren  
  49  4:13  Drone  
  51  4:17  Drone  
  51  4:21  Overlord  
  51  4:23  Zergling x4  
  54  4:31  Overlord  
  54  4:32  Zergling x2  
  54  4:35  Zerg Missile Weapons Level 1  
  57  4:42  Zergling x4  
  57  4:47  Overlord  
  57  4:49  Zergling x2  
  57  4:50  Zergling x6  
  61  4:53  Roach  
  61  4:54  Roach x2  
  61  4:56  Roach x2  
  70  5:05  Roach  
  70  5:06  Roach  
  71  5:09  Roach  
  73  5:15  Overlord  
  73  5:16  Roach x3  
  73  5:20  Roach x2  
  83  5:25  Roach x3  
  89  5:31  Overlord  
  89  5:32  Roach  
  91  5:39  Overlord  
  91  5:44  Roach x2  
  91  5:51  Roach x4  
  91  5:52  Zergling x2  
  100  5:59  Ravager  
  100  6:01  Zergling x10  
  100  6:03  Ravager  
  107  6:06  Zergling x2  
  107  6:09  Zergling x4  
  110  6:15  Zergling x10  
  114  6:21  Zergling x8  
  114  6:23  Ravager  
  114  6:24  Ravager  
  120  6:28  Zergling x4  
  121  6:35  Zergling x2  
  121  6:38  Zergling x4  
  121  6:41  Drone  
  121  6:44  Drone  
  118  6:48  Drone x3  
  118  6:49  Drone x3  
Tags
 
Add a new tag
Caveats
  • Supply blocks, unpowered buildings, or Contaminate may cause inaccurate times.
  • Supply counts are checked every 10 seconds.